 Dungeon Crawl Stone Soup version 0.30-a0-1-g69b7b797bf (webtiles) character file.

Game seed: 11122876873759235818

320 Nedwor the Slasher (level 6, -2/47 HPs)
             Began as a Demonspawn Gladiator on Aug 19, 2022.
             Slain by a gnoll
             ... wielding a +0 club
              (5 damage)
             ... on level 4 of the Dungeon.
             The game lasted 00:04:12 (4067 turns).

Nedwor the Slasher (Demonspawn Gladiator)           Turns: 4067, Time: 00:04:12

Health: -2/47      AC:  7    Str: 16    XL:     6   Next: 22%
Magic:  6/6        EV: 10    Int: 10    God:
Gold:   210        SH:  0    Dex: 14    Spells: 5/5 levels left

rFire   . . .      SeeInvis .    a - +0 long sword
rCold   . . .      Faith    .    (no shield)
rNeg    . . .      Spirit   .    o - +0 scale mail
rPois   .          Reflect  .    c - +0 helmet
rElec   .          Harm     .    (no cloak)
rCorr   .          Rampage  .    (no gloves)
Will    +....                    (no boots)
Stlth   ..........               (no amulet)
HPRegen 0.15/turn                f - ring of flight
MPRegen 0.10/turn                n - ring of willpower

@: lethally poisoned (-2 -> -7), flying
A: foul stench 1, powered by pain 2
a: no special abilities


You were on level 4 of the Dungeon.
You visited 1 branch of the dungeon, and saw 4 of its levels.

You collected 210 gold pieces.

Inventory:

Hand Weapons
 a - a +0 long sword (weapon)
Missiles
 d - 3 throwing nets (quivered)
 e - a javelin
Armour
 c - a +0 helmet (worn)
 o - a +0 scale mail (worn)
Jewellery
 f - a ring of flight (left hand)
 j - a ring of resist corrosion
 n - a ring of willpower (right hand)
 r - an amulet of regeneration
Wands
 s - a wand of paralysis (3)
Scrolls
 h - 2 scrolls of poison {unknown}
 l - 2 scrolls of magic mapping {unknown}
 m - 3 scrolls of noise {unknown}
 p - a scroll of amnesia {unknown}
Potions
 b - a potion of magic {unknown}
 g - a potion of lignification {unknown}
 i - a potion of heal wounds
 k - 3 potions of curing {unknown}
 q - a potion of haste {unknown}
 t - a potion of attraction {unknown}


   Skills:
 + Level 3.4 Fighting
 * Level 4.5 Long Blades
 - Level 1.7 Throwing
 + Level 2.2 Armour
 + Level 3.7 Dodging


You had 5 spell levels left.
You didn't know any spells.
Your spell library was empty.

Dungeon Overview and Level Annotations

Branches:
Dungeon (4/15)
 Temple: D:4-7

Altars:
Okawaru

Shops:
D:3 =

Annotations:
D:4 Edmund, Eustachio


Innate Abilities, Weirdness & Mutations

You may rarely emit foul miasma when damaged in melee.
You sometimes gain power by taking damage.


Message History

Found a stone staircase leading up.
Found a ring mail.
Edmund the Younger comes into view.
He is wielding a +2 flail of venom and wearing a +2 scale mail of willpower.
Edmund shouts!
A gnoll comes into view. It is wielding a +0 club.
A gnoll comes into view. It is wielding a +0 club.
The gnoll shouts!
A gnoll comes into view. It is wielding a +0 flail.
The gnoll shouts!
You hear a shout!
A gnoll comes into view. It is wielding a +0 spear.
Edmund barely misses you.
You slash Edmund!
Edmund is moderately wounded.
Edmund hits you with a +2 flail of venom!
You are poisoned.
You slash Edmund!
Edmund is heavily wounded.
You feel very sick. Edmund closely misses you.
Eustachio the Magnificent comes into view.
He is wielding a +0 rapier and wearing a +1 leather armour of willpower.
You hit Edmund.
Edmund is heavily wounded.
You feel very sick. Edmund barely misses you.
The gnoll hits you with a +0 club. Edmund closely misses you.
The gnoll closely misses you. The gnoll hits you with a +0 club.
You closely miss Edmund.
Edmund is heavily wounded.
You feel very sick. The gnoll hits you with a +0 club.
Edmund hits you with a +2 flail of venom.
You are too injured to fight recklessly!
The gnoll attacks as you move away! The gnoll closely misses you.
You feel sick. The gnoll hits you with a +0 club.
* * * LOW HITPOINT WARNING * * *
The gnoll attacks as you move away! The gnoll hits you with a +0 club.
* * * LOW HITPOINT WARNING * * *
x2 You feel sick.
The gnoll attacks as you move away! The gnoll hits you with a +0 club.
You die...

##...##....# #..........#
..... ####.........# .....
..##.........# ....#
...'.........###### ....#
..####+##....##..$##....##
..##...##.................
####.............g.g......
..##............@@g.......
.............[...g@.......
..........................
.............##...##....##
.).........<.##...# ....#
.............#............
..##.........#...... .....
####.........#...... .....
#.........#


You could see Edmund, Eustachio and 4 gnolls.

Vanquished Creatures
  Sigmund (D:2)
  2 orc wizards
  A gnoll (D:1)
  4 adders
  2 worms
  2 dart slugs (D:3)
  7 orcs
  7 bats
  3 endoplasms
  A hobgoblin (D:2)
  3 jackals (D:1)
  2 kobolds (D:1)
  3 quokkas
  3 ball pythons
  2 frilled lizards
  5 goblins
  6 rats
54 creatures vanquished.

Notes
Turn   | Place    | Note
-------+----------+-------------------------------------------
     0 | D:1      | Nedwor the Demonspawn Gladiator began the quest for the
                  | Orb.
     0 | D:1      | Reached XP level 1. HP: 16/16 MP: 1/1
   213 | D:1      | Reached skill level 3 in Long Blades
   213 | D:1      | Gained mutation: You sometimes gain a little power by
                  | taking damage. [demonic ancestry]
   213 | D:1      | Reached XP level 2. HP: 9/22 MP: 2/2
  1282 | D:2      | Reached XP level 3. HP: 28/28 MP: 3/3
  1499 | D:2      | Reached skill level 1 in Armour
  1853 | D:2      | Noticed Sigmund
  1866 | D:2      | Killed Sigmund
  1867 | D:2      | Reached skill level 4 in Long Blades
  1867 | D:2      | Reached XP level 4. HP: 5/35 MP: 4/4
  1867 | D:2      | Gained mutation: You sometimes gain power by taking damage.
                  | [demonic ancestry]
  1867 | D:2      | Reached XP level 5. HP: 6/41 MP: 5/5
  2959 | D:3      | Found Tuip Jymp's Jewellery Emporium.
  3093 | D:3      | Gained mutation: You may rarely emit foul miasma when
                  | damaged in melee. [demonic ancestry]
  3093 | D:3      | Reached XP level 6. HP: 32/47 MP: 6/6
  3373 | D:3      | Found an iron altar of Okawaru.
  4057 | D:4      | Noticed Edmund
  4062 | D:4      | Noticed Eustachio
  4067 | D:4      | Slain by a gnoll

Illustrated notes

Levels and vault maps discovered:
D:1:      elethiomel_arrival_maze, layout_basic
D:2:      layout_basic, guppyfry_early_lair_pool, uniq_sigmund
D:3:      layout_basic, lemuel_doored_altar, serial_shops, nicolae_shop_crystal,
          st_stairs_14, minmay_misc_feat_columns, dreamdust_wishing_well,
          nrook_mini_vaults
D:4:      layout_gridville, serial_shops, nicolae_shop_behind_doors,
          cheibrodos_sewer_entry_bend, minmay_misc_feat_chi, uniq_blork_the_orc,
          uniq_menkaure, uniq_edmund, uniq_eustachio

Skill      XL: |  1  2  3  4  5 |
---------------+----------------+-----
Long Blades    | 3 4 |  4.5
Armour         | 1 2 |  2.2
Dodging        | 3 |  3.7
Fighting       | 3 |  3.4
Throwing       | |  1.7

Action                   |  1- 3 |  4- 6 || total
-------------------------+-------+-------++-------
Melee: Long sword        |    80 |    99 ||   179
       Punch             |     1 |       ||     1
  Use: Scroll            |     2 |       ||     2
 Stab: Sleeping          |     1 |       ||     1
Armor: Leather armour    |    22 |       ||    22
       Ring mail         |     8 |       ||     8
       Scale mail        |     3 |    48 ||    51
Dodge: Dodged            |    54 |    69 ||   123

Table legend: (Time is in decaauts)
 A = Elapsed time spent in this place.
 B = Non-inter-level travel time spent in this place.
 C = Inter-level travel time spent in this place.
 D = Time resting spent in this place.
 E = Time spent auto-exploring this place.
 F = Levels seen in this place.
 G = Mean time per level.
                   A        B        C        D        E       F      G
               +--------+--------+--------+--------+--------+-----+--------+
         Total |   4104 |   4004 |    100 |   1052 |   2526 |   4 | 1026.0 |
       Dungeon |   4104 |   4004 |    100 |   1052 |   2526 |   4 | 1026.0 |
               +--------+--------+--------+--------+--------+-----+--------+

Top non-repeatable levels by time:
     D:2: 1628 daAuts
     D:1: 1286 daAuts
     D:3: 1095 daAuts
     D:4: 93 daAuts
